 Dungeon Sprint DCSS version 0.30-a0-49-g1cef19eb02 (webtiles) character file.

Game seed: 1673601771018633508

2 rocky1 the Shield-Bearer (level 1, 0/15 HPs)
             Began as a Gargoyle Fighter on Sept 3, 2022.
             Killed from afar by Jessica (1 damage)
             ... with a puff of flame
             ... in the Dungeon (Sprint III: "The Ten Rune Challenge").
             The game lasted 00:00:22 (33 turns).

rocky1 the Shield-Bearer (Gargoyle Fighter)           Turns: 33, Time: 00:00:22

Health: 0/15       AC:  9    Str: 19    XL:     1   Next: 40%
Magic:  1/1        EV:  9    Int:  8    God:
Gold:   0          SH:  4    Dex:  9    Spells: 0/0 levels left

rFire   . . .      SeeInvis .    a - +0 flail
rCold   . . .      Faith    .    c - +0 buckler
rNeg    + . .      Spirit   .    b - +0 scale mail
rPois   ∞          Reflect  .    (no helmet)
rElec   +          Harm     .    (no cloak)
rCorr   .          Rampage  .    (no gloves)
Will    .....      NoTele   +    (no boots)
Stlth   ..........               (no amulet)
HPRegen 0.05/turn                (no ring)
MPRegen 0.07/turn                (no ring)

@: no status effects
A: sickness immunity, AC +2, negative energy resistance 1, electricity
resistance, torment resistance 1, petrification resistance
a: no special abilities


You were in the Dungeon.
You visited 1 branch

Inventory:

Hand Weapons
 a - a +0 flail (weapon)
Missiles
 k - 6 atropa-tipped darts (quivered)
Armour
 b - a +0 scale mail (worn)
 c - a +0 buckler (worn)
Scrolls
 j - a scroll of blinking
Potions
 d - a potion of might
 e - a potion of curing
 f - a potion of heal wounds
 g - a potion of haste
 h - 2 potions of magic
 i - a potion of berserk rage


   Skills:
 + Level 3.7 Fighting
 + Level 2.5 Maces & Flails
 - Level 3.2 Armour
 + Level 3.7 Shields


You couldn't memorise any spells.
You didn't know any spells.
Your spell library was empty.

Dungeon Overview and Level Annotations

Branches:
Dungeon (1/1)

Altars:

Annotations:
D Jessica


Innate Abilities, Weirdness & Mutations

You are immune to sickness and miasma.
Your stone body is resilient. (AC +2)
You are immune to poison.
You resist negative energy. (rN+)
You are resistant to electric shocks. (rElec)
You are resistant to unholy torment.
You are immune to petrification.


Message History

The rat barely misses you.
There is an open door here.
You closely miss the rat. The rat closely misses you.
Jessica casts a spell.
Jessica seems to speed up.
You barely miss the rat. The rat bites you. You block Jessica's attack.
Jessica attacks as you move away! Jessica hits you with a +0 club.
Jessica zaps a wand.
You block the puff of flame.
You barely miss the rat. The rat bites you but does no damage.
Jessica casts a spell.
Jessica blinks!
The rat bites you but does no damage.
Jessica mumbles some strange words.
Jessica blinks!
You hit the rat but do no damage. The rat bites you.
You barely miss the rat. The rat bites you but does no damage.
You hit the rat.
You kill the rat!
Jessica points at you and mumbles some strange words.
You barely resist. You hit Jessica.
Jessica is heavily wounded.
You block Jessica's attack.
Jessica zaps a wand.
The puff of flame hits you.
* * * LOW HITPOINT WARNING * * *
Unknown command.
You hit Jessica but do no damage.
Jessica is heavily wounded.
Jessica zaps a wand.
The puff of flame misses you. Jessica hits you with a +0 club.
* * * LOW HITPOINT WARNING * * *
Unknown command.
You barely miss Jessica.
Jessica is heavily wounded.
Jessica gestures at you while chanting. Pain shoots through your body!
* * * LOW HITPOINT WARNING * * *
Jessica hits you but does no damage.
You hit Jessica.
Jessica is severely wounded.
Jessica zaps a wand.
The puff of flame hits you.
You die...

▓▓▓▓
▓<.#
▓..#
▓#'####
▓..†..#
▓.....#
▓....@#
▓####@#
▓!....#
▓.....#
▓.....#
▓+#####


You could see Jessica (fast).

Vanquished Creatures
  An endoplasm (D)
  2 rats (D)
3 creatures vanquished.

Notes
Turn   | Place    | Note
-------+----------+-------------------------------------------
     0 | D        | rocky1 the Gargoyle Fighter began the quest for the Orb.
     0 | D        | Reached XP level 1. HP: 14/14 MP: 1/1
    22 | D        | Noticed Jessica
    33 | D        | Killed from afar by Jessica

Illustrated notes

Levels and vault maps discovered:
D:        dungeon_sprint_mu [sprint_mu_entry_forest, sprint_mu_temple_rooms,
          sprint_mu_d1_horrors, sprint_mu_d2_genie, sprint_mu_d3_branching,
          sprint_mu_orc_legion, sprint_mu_elf_gauntlet, sprint_mu_hive_nellie,
          sprint_mu_lair_fedhas, sprint_mu_vaults_butterflies,
          sprint_mu_slime_circle, sprint_mu_swamp_cave, sprint_mu_snake_twists,
          sprint_mu_blade_basic, sprint_mu_crypt_chambers,
          sprint_mu_tomb_spiral, sprint_mu_vestibule_basic,
          sprint_mu_gehenna_hellfire, sprint_mu_dis_giant,
          sprint_mu_tartarus_statrot, sprint_mu_cocytus_islands, sprint_mu_zot1]

Action                   || total
-------------------------++-------
Melee: Flail             ||    20
Armor: Scale mail        ||     9
Dodge: Dodged            ||     8
Block: Buckler           ||     6

Table legend: (Time is in decaauts)
 A = Elapsed time spent in this place.
 B = Non-inter-level travel time spent in this place.
 C = Inter-level travel time spent in this place.
 D = Time resting spent in this place.
 E = Time spent auto-exploring this place.
 F = Levels seen in this place.
 G = Mean time per level.
                   A        B        C        D        E       F      G
               +--------+--------+--------+--------+--------+-----+--------+
         Total |     39 |     39 |      0 |      0 |      0 |   1 |   39.0 |
       Dungeon |     39 |     39 |      0 |      0 |      0 |   1 |   39.0 |
               +--------+--------+--------+--------+--------+-----+--------+

Top non-repeatable levels by time:
       D: 39 daAuts
